 Dungeon Crawl Stone Soup version 0.31.0-12-g77e489cdc1 (webtiles) character file.

Game seed: 6703400159614398893

581 Marvel the Poker (level 7, -6/68 HPs)
             Began as a Troll Fighter on Feb 14, 2024.
             Splashed by a jelly's acid (7 damage)
             ... on level 5 of the Dungeon.
             The game lasted 00:03:40 (2613 turns).

Marvel the Poker (Troll Fighter)                    Turns: 2613, Time: 00:03:41

Health: -6/68      AC: -7    Str: 27    XL:     7   Next: 13%
Magic:  6/6        EV:  9    Int:  4    God:
Gold:   285        SH:  8    Dex:  9    Spells: 6/6 levels left

rFire   . . .        a - +0 trident
rCold   . . .        c - +0 kite shield
rNeg    + . .        b - +0 robe
rPois   .            (helmet restricted)
rElec   .            h - +0 cloak
rCorr   .            (gloves unavailable)
SInv    +            (boots unavailable)
Will    .....        (no amulet)
Stlth   +            f - ring of positive energy
HPRegen 1.11/turn    q - ring of see invisible
MPRegen 0.10/turn

%: no passive effects
@: corroded
A: large, unfitting armour, claws 3, regeneration 1, shaggy fur 1, tough skin 1
a: no special abilities


You were on level 5 of the Dungeon.
You visited 1 branch of the dungeon, and saw 5 of its levels.

You collected 285 gold pieces.

Inventory:

Hand Weapons
 a - a +0 trident (weapon)
Armour
 b - a +0 robe (worn)
 c - a +0 kite shield (worn)
 h - a +0 cloak (worn)
Jewellery
 f - a ring of positive energy (left claw)
 q - a ring of see invisible (right claw)
Talismans
 t - a blade talisman
Wands
 u - a wand of polymorph (6)
 y - a wand of light (12)
 z - a wand of paralysis (9)
Scrolls
 e - 4 scrolls of identify {unknown}
 g - a scroll of revelation {unknown}
 i - 2 scrolls of amnesia {unknown}
 j - 2 scrolls of vulnerability {unknown}
 l - a scroll of fog {unknown}
 m - a scroll of fear {unknown}
 n - a scroll of enchant weapon {unknown}
 o - a scroll of noise {unknown}
 p - 2 scrolls of teleportation {unknown}
 r - 4 scrolls of blinking {unknown}
 B - a scroll of immolation {unknown}
Potions
 d - 2 potions of might
 k - a potion of heal wounds {unknown}
 s - a potion of curing {unknown}
 v - a potion of invisibility {unknown}
 w - a potion of cancellation {unknown}
 x - a potion of haste {unknown}
 A - a potion of brilliance {unknown}


   Skills:
 + Level 3.7 Fighting
 + Level 4.3 Polearms
 + Level 3.6 Dodging
 + Level 0.5 Stealth
 + Level 3.8 Shields


You had 6 spell levels left.
You didn't know any spells.
Your spell library was empty.

Dungeon Overview and Level Annotations

Branches:
Dungeon (5/15)
 Temple: D:4-7

Altars:
Gozag


Innate Abilities, Weirdness & Mutations

You are too large for most types of armour.
You have claws for hands.
Your natural rate of healing is unusually fast.
You are covered in fur. (AC +1)
You have tough skin. (AC +1)


Message History

The jelly hits you. The acid corrodes you!
You are splashed with acid!
The orc closely misses you.
You hit the sleepcap but do no damage. The sleepcap releases spores at you!
The jelly hits you. The acid corrodes you!
You are splashed with acid!
* * * LOW HITPOINT WARNING * * *
The orc hits you with a +0 dagger.
* * * LOW HITPOINT WARNING * * *
You hit the sleepcap.
The sleepcap is lightly damaged.
You block the jelly's attack. You block the sleepcap's attack.
You block the orc's attack. The sleepcap attacks as it pursues you!
The sleepcap releases spores at you.
* * * LOW HITPOINT WARNING * * *
You are engulfed in a cloud of soporific spores!
You fall asleep.
The orc barely misses you. The sleepcap completely misses you.
The orc hits you with a +0 dagger!
You wake up.
* * * LOW HITPOINT WARNING * * *
The sleepcap attacks as it pursues you! The sleepcap releases spores at you.
* * * LOW HITPOINT WARNING * * *
The orc attacks as it pursues you! The orc hits you with a +0 dagger.
* * * LOW HITPOINT WARNING * * *
You see here 12 gold pieces.
Okay, then.
The sleepcap attacks as it pursues you! The sleepcap barely misses you.
The orc attacks as it pursues you! You block the orc's attack.
The orc attacks as it pursues you! The orc barely misses you.
The jelly attacks as it pursues you! You block the jelly's attack.
There is a stone staircase leading down here.
The orc attacks as it pursues you! You block the orc's attack.
The jelly attacks as it pursues you! The jelly barely misses you.
The sleepcap attacks as it pursues you! The sleepcap releases spores at you.
* * * LOW HITPOINT WARNING * * *
You are engulfed in a cloud of soporific spores!
You fall asleep.
The jelly attacks as it pursues you! The jelly hits you.
You wake up.
* * * LOW HITPOINT WARNING * * *
You are splashed with acid!
You die...

##.......... #≈.
#...........
$$$#≈._.####.......... .
#$$$#≈...##..........# .#
#####≈8..#...........##...
≈≈≈≈≈⌠...#..##..........#
8...8...................#.
.._....8.......J..........
...............f@.<.......
..........$.>.o...........
....##.......#...##...##.
..............#...........
...#........$.............
#...................##.
#....................
.$.....................
..#.......#.##....


You could see a sleepcap, a jelly and an orc.

Vanquished Creatures
  An ogre (D:4)
  A centaur (D:4)
  2 phantoms (D:4)
  A bombardier beetle (D:3)
  Ijyb (D:4)
  A jelly (D:5)
  Jessica (D:3)
  Robin (D:3)
  4 adders
  A ribbon worm (D:2)
  3 dart slugs
  5 orcs
  8 endoplasms
  5 giant cockroaches
  14 goblins
  22 hobgoblins
  4 jackals (D:3)
  A quokka (D:2)
  8 ball pythons
  A bat (D:3)
  3 frilled lizards
  5 kobolds
  A rat (D:2)
94 creatures vanquished.

Notes
Turn   | Place    | Note
-------+----------+-------------------------------------------
     0 | D:1      | Marvel the Troll Fighter began the quest for the Orb.
     0 | D:1      | Reached XP level 1. HP: 22/22 MP: 0/0
   261 | D:1      | Reached XP level 2. HP: 29/29 MP: 1/1
   643 | D:2      | Identified the +1 whip of Accord {flame, Str+5}
   690 | D:2      | Reached XP level 3. HP: 36/36 MP: 2/2
   712 | D:2      | Reached skill level 2 in Polearms
   854 | D:2      | Identified the +2 leather armour "Vudukk" {Dex+2}
   922 | D:2      | Reached XP level 4. HP: 44/44 MP: 3/3
  1224 | D:3      | Noticed Robin
  1235 | D:3      | Killed Robin
  1263 | D:3      | Noticed Jessica
  1266 | D:3      | Killed Jessica
  1311 | D:3      | Reached XP level 5. HP: 53/53 MP: 4/4
  1481 | D:3      | Reached skill level 3 in Polearms
  1694 | D:4      | Noticed a centaur
  1706 | D:4      | Killed a centaur
  1760 | D:4      | Reached XP level 6. HP: 61/61 MP: 5/5
  2038 | D:4      | Noticed Ijyb
  2044 | D:4      | Paralysed by Ijyb for 4 turns
  2051 | D:4      | Paralysed by Ijyb for 4 turns
  2068 | D:4      | Paralysed by Ijyb for 3 turns
  2072 | D:4      | Paralysed by Ijyb for 2 turns
  2074 | D:4      | Killed Ijyb
  2140 | D:4      | Reached skill level 4 in Polearms
  2178 | D:4      | Reached XP level 7. HP: 53/68 MP: 6/6
  2566 | D:5      | Entered Level 5 of the Dungeon
  2590 | D:5      | Found an opulent altar of Gozag.
  2591 | D:5      | Found an opulent altar of Gozag.
  2607 | D:5      | HP: 3/68 [orc/+0 dagger (3)]
  2613 | D:5      | HP: 3/68 [sleepcap (6)]
  2613 | D:5      | HP: 1/68 [jelly (2)]
  2613 | D:5      | Splashed by a jelly's acid

Illustrated notes

Levels and vault maps discovered:
D:1:      lightli_arrival_lavapool, layout_basic
D:2:      layout_rooms, serial_bayou_pond_c
D:3:      cheibrodos_greedy_goblins, layout_rooms, uniq_jessica, uniq_robin
D:4:      layout_cave_pods, uniq_ijyb
D:5:      layout_cave_pools, nicolae_gozag_conspicuous_consumption,
          minmay_temple_entry_slanted, uniq_edmund

Skill      XL: |  1  2  3  4  5  6 |
---------------+-------------------+-----
Shields        | 3 |  3.8
Polearms       | 2 3 4 |  4.3
Dodging        | 3 |  3.6
Fighting       | 3 |  3.7
Stealth        | |  0.5

Action                     |  1- 3 |  4- 6 |  7- 9 || total
---------------------------+-------+-------+-------++-------
  Melee: Trident           |   120 |   209 |    22 ||   351
   Stab: Distracted        |     1 |       |       ||     1
         Sleeping          |       |     2 |     1 ||     3
 Armour: Robe              |    75 |   127 |    16 ||   218
  Dodge: Dodged            |    38 |    68 |    13 ||   119
  Block: Kite shield       |    39 |    81 |    14 ||   134
